 Dungeon Crawl Stone Soup version 0.25-a0-549-g6e6e6501ad (webtiles) character file.

Game seed: 8474235268682592187, levelgen mode: deterministic

205 ReteAZ the Ducker (level 5, -2/41 HPs)
             Began as a Gnoll Wanderer on Feb 23, 2020.
             Slain by a hippogriff (4 damage)
             ... on level 7 of the Dungeon.
             The game lasted 00:03:41 (2407 turns).

ReteAZ the Ducker (Gnoll Wanderer)                  Turns: 2407, Time: 00:03:42

Health: -2/41      AC:  6    Str: 14    XL:     5   Next: 83%
Magic:  9/9        EV: 12    Int: 14    God:
Gold:   134        SH:  0    Dex: 16    Spells: 9/10 levels left

rFire    . . .     SeeInvis .   a - +2 dagger
rCold    . . .     Gourm    .   (no shield)
rNeg     . . .     Faith    .   u - +0 scale mail
rPois    .         Spirit   .   (no helmet)
rElec    .         Reflect  .   (no cloak)
rCorr    .         Harm     .   (no gloves)
MR       .....                  (no boots)
Stlth    +.........             (no amulet)
HPRegen  0.13/turn              (no ring)
MPRegen  0.11/turn              (no ring)

@: no status effects
A: distributed training, fangs 1, strong nose
a: no special abilities


You were on level 7 of the Dungeon.
You were hungry.

You visited 1 branch of the dungeon, and saw 5 of its levels.

You collected 134 gold pieces.

Inventory:

Hand Weapons
 a - a +2 dagger (weapon)
Armour
 e - a +0 robe
 k - a +0 chain mail
 o - a +0 leather armour
 u - a +0 scale mail (worn)
Jewellery
 j - an uncursed amulet of the acrobat {unknown}
 n - a cursed amulet of inaccuracy {unknown}
 p - an uncursed ring of ice {unknown}
Scrolls
 c - 2 scrolls of blinking {unknown}
 g - a scroll of fear {unknown}
 i - a scroll of teleportation {unknown}
 m - 3 scrolls of identify {unknown}
 q - a scroll of remove curse {unknown}
 r - a scroll of random uselessness {unknown}
 s - a scroll of enchant weapon {unknown}
Potions
 d - a potion of lignification
 h - 3 potions of curing {unknown}
 l - a potion of mutation {unknown}
 t - a potion of magic {unknown}
 v - a potion of degeneration {unknown}
Comestibles
 f - 4 rations


   Skills:
 + Level 3.0 Fighting
 + Level 3.0 Short Blades
 + Level 1.6 Long Blades
 + Level 1.6 Axes
 + Level 1.6 Maces & Flails
 + Level 1.6 Polearms
 + Level 1.6 Staves
 + Level 1.6 Slings
 + Level 1.6 Bows
 + Level 1.6 Crossbows
 + Level 3.0 Throwing
 + Level 1.6 Armour
 + Level 4.8 Dodging
 + Level 2.8 Stealth
 + Level 1.6 Shields
 + Level 1.6 Unarmed Combat
 + Level 3.2 Spellcasting
 + Level 1.3 Conjurations
 + Level 1.3 Hexes
 + Level 1.3 Charms
 + Level 1.3 Summonings
 + Level 1.3 Necromancy
 + Level 1.3 Translocations
 + Level 1.3 Transmutations
 + Level 1.3 Fire Magic
 + Level 1.3 Ice Magic
 + Level 4.0 Air Magic
 + Level 1.3 Earth Magic
 + Level 1.3 Poison Magic
 + Level 1.8 Invocations
 + Level 3.0 Evocations


You had 9 spell levels left.
You knew the following spells:

 Your Spells              Type           Power        Failure   Level  Hunger
a - Freeze                Ice            #...         45%         1    #......

Your spell library contained the following spells:

 Spells                   Type           Power        Failure   Level  Hunger
 Ozocubu's Armour         Chrm/Ice       #.......     83%         3    ###....


Dungeon Overview and Level Annotations

Branches:
Dungeon (7/15)
 Temple: D:4-7

Altars:

Annotations:
D:6 Maggie, Menkaure


Innate Abilities, Weirdness & Mutations

Your experience applies equally to all skills.
You have very sharp teeth.
Your uncanny sense of smell can sniff out nearby items.


Message History

You hit the hippogriff.
The hippogriff is moderately wounded.
The hippogriff barely misses you. The hippogriff pecks you.
* * * LOW HITPOINT WARNING * * *
The hippogriff claws you.
* * * LOW HITPOINT WARNING * * *
You closely miss the hippogriff. You bite the hippogriff.
The hippogriff is moderately wounded.
The hippogriff closely misses you.
The hippogriff pecks you but does no damage.
The hippogriff claws you.
* * * LOW HITPOINT WARNING * * *
You hit the hippogriff.
The hippogriff is heavily wounded.
You hit the hippogriff.
The hippogriff is heavily wounded.
The hippogriff bites you.
* * * LOW HITPOINT WARNING * * *
The hippogriff pecks you.
You die... ≈. #. .§≈z≈ #. .§§§° .## c≈≈ho

..# #§≈≈ #.#
...# #.# #§§##
#.##
#.§c#####@.# .#
#......###H###.#
##.#.#.H...#...
#....###.c..#
####.......###
#.###.....
##.###..#..[.
#.......####..
#..###..## #


You could see a hippogriff and a centaur.

Vanquished Creatures
  A bullfrog (D:6)
  Natasha (thrice) (D:2)
  3 adders (D:2)
  A shadow imp (D:6)
  A worm (D:2)
  A dart slug (D:2)
  A leopard gecko (D:3)
  2 orcs
  A ball python (D:1)
  2 giant cockroaches
  3 hobgoblins
  2 quokkas
  4 bats
  2 frilled lizards
  2 goblins (D:2)
  A kobold (D:3)
  7 rats
37 creatures vanquished.

Vanquished Creatures (others)
  A troll (D:7)
  A sky beast (D:7)
2 creatures vanquished.

Grand Total: 39 creatures vanquished

Notes
Turn   | Place    | Note
-------+----------+-------------------------------------------
     0 | D:1      | ReteAZ the Gnoll Wanderer began the quest for the Orb.
     0 | D:1      | ReteAZ set off with the following items: a +2 dagger, a
                  | curare-tipped dart, a potion of lignification, a +0 robe, a
                  | ration; and the following spell memorised: Freeze; and the
                  | following spells available to memorise: Ozocubu's Armour
     0 | D:1      | Reached XP level 1. HP: 17/17 MP: 4/4
   521 | D:1      | Reached XP level 2. HP: 23/23 MP: 5/5
   744 | D:2      | Reached XP level 3. HP: 23/28 MP: 7/7
   828 | D:2      | Noticed Natasha
   847 | D:2      | Killed Natasha
   847 | D:2      | Reached skill level 1 in Long Blades
   847 | D:2      | Reached skill level 1 in Axes
   847 | D:2      | Reached skill level 1 in Maces & Flails
   847 | D:2      | Reached skill level 1 in Polearms
   847 | D:2      | Reached skill level 1 in Staves
   847 | D:2      | Reached skill level 1 in Slings
   847 | D:2      | Reached skill level 1 in Bows
   847 | D:2      | Reached skill level 1 in Crossbows
   847 | D:2      | Reached skill level 1 in Armour
   847 | D:2      | Reached skill level 1 in Shields
   847 | D:2      | Reached skill level 1 in Unarmed Combat
   847 | D:2      | Reached skill level 1 in Invocations
  1232 | D:2      | Reached XP level 4. HP: 34/34 MP: 8/8
  1338 | D:2      | Noticed Natasha
  1348 | D:2      | Killed Natasha
  1348 | D:2      | Reached skill level 1 in Conjurations
  1348 | D:2      | Reached skill level 1 in Hexes
  1348 | D:2      | Reached skill level 1 in Charms
  1348 | D:2      | Reached skill level 1 in Summonings
  1348 | D:2      | Reached skill level 1 in Necromancy
  1348 | D:2      | Reached skill level 1 in Translocations
  1348 | D:2      | Reached skill level 1 in Transmutations
  1348 | D:2      | Reached skill level 1 in Fire Magic
  1348 | D:2      | Reached skill level 1 in Ice Magic
  1348 | D:2      | Reached skill level 1 in Earth Magic
  1348 | D:2      | Reached skill level 1 in Poison Magic
  1443 | D:2      | Noticed Natasha
  1452 | D:2      | Killed Natasha
  1452 | D:2      | Reached XP level 5. HP: 21/40 MP: 9/9
  1994 | D:3      | You fall into a shaft and drop 3 floors!
  2351 | D:6      | Noticed Menkaure
  2365 | D:6      | Noticed Maggie
  2383 | D:7      | Noticed a hippogriff
  2384 | D:7      | Noticed an orc warrior
  2384 | D:7      | Noticed a sky beast
  2385 | D:7      | Noticed a troll
  2385 | D:7      | Noticed a centaur
  2386 | D:7      | Killed a sky beast
  2389 | D:7      | Killed a troll
  2407 | D:7      | HP: 2/41 [hippogriff (4)]
  2407 | D:7      | Slain by a hippogriff

Levels and vault maps discovered:
D:1:      zelgadis_glass_arrival_small, layout_basic
D:2:      layout_basic, uniq_natasha
D:3:      layout_rooms, kennysheep_okawaru_gauntlet, lemuel_round_altar,
          first_ration, st_stairs_13, minmay_fractal_squares_5
D:6:      layout_basic, portal_sewer_entry_a, serial_bayou_pond_b,
          uniq_blork_the_orc, uniq_eustachio, uniq_maggie, uniq_menkaure
D:7:      layout_rooms, the_bakery, xom_confusion_cloud, uniq_joseph

Skill      XL: |  1  2  3  4  5 |
---------------+----------------+-----
Long Blades    | 1 |  1.6
Axes           | 1 |  1.6
Maces & Flails | 1 |  1.6
Polearms       | 1 |  1.6
Staves         | 1 |  1.6
Slings         | 1 |  1.6
Bows           | 1 |  1.6
Crossbows      | 1 |  1.6
Armour         | 1 |  1.6
Shields        | 1 |  1.6
Unarmed Combat | 1 |  1.6
Invocations    | 1 |  1.8
Spellcasting   | 3 |  3.2
Conjurations   | 1 |  1.3
Hexes          | 1 |  1.3
Charms         | 1 |  1.3
Summonings     | 1 |  1.3
Necromancy     | 1 |  1.3
Translocations | 1 |  1.3
Transmutations | 1 |  1.3
Fire Magic     | 1 |  1.3
Ice Magic      | 1 |  1.3
Earth Magic    | 1 |  1.3
Poison Magic   | 1 |  1.3
Fighting       | 3 |  3.0
Short Blades   | 3 |  3.0
Throwing       | 3 |  3.0
Air Magic      | 4 |  4.0
Evocations     | 3 |  3.0
Dodging        | |  4.8
Stealth        | |  2.8

Action                   |  1- 3 |  4- 6 || total
-------------------------+-------+-------++-------
Melee: Dagger            |    72 |    92 ||   164
       Bite              |     8 |     8 ||    16
       Punch             |       |     1 ||     1
Throw: Dart              |       |     3 ||     3
 Stab: Sleeping          |     4 |     2 ||     6
  Eat: Chunk             |     1 |     3 ||     4
Armor: Robe              |     7 |       ||     7
       Leather armour    |       |     7 ||     7
       Scale mail        |       |    15 ||    15
Dodge: Dodged            |    47 |    51 ||    98

Table legend:
 A = Non-vault XP
 B = Vault XP
 C = Vault XP percentage of total XP
 D = Non-vault monster count
 E = Vault monster count
 F = Vault count percentage of total count
                 A         B        C        D         E       F
            +---------+---------+-------+---------+---------+-------
      Total |     260 |      34 |  11.6 |      35 |       2 |   5.4
            +---------+---------+-------+---------+---------+-------
        D:1 |      11 |       0 |   0.0 |       8 |       0 |   0.0
        D:2 |     133 |      33 |  19.9 |      17 |       1 |   5.6
        D:3 |      14 |       1 |   6.7 |       7 |       1 |  12.5
        D:6 |     102 |       0 |   0.0 |       3 |       0 |   0.0
            +---------+---------+-------+---------+---------+-------
